 Dungeon Crawl Stone Soup version 0.29.0-4-gdea44cf6ec (webtiles) character file.

Game seed: 12565964148728707752

2 qw the Sneak (level 1, 0/14 HPs)
             Began as a Gargoyle Delver on Sept 10, 2022.
             Killed from afar by an orc wizard (5 damage)
             ... with a magic dart
             ... on level 4 of the Dungeon.
             The game lasted 00:00:01 (30 turns).

qw the Sneak (Gargoyle Delver)                        Turns: 30, Time: 00:00:02

Health: 0/14       AC:  5    Str: 15    XL:     1   Next: 30%
Magic:  1/1        EV: 11    Int: 10    God:
Gold:   0          SH:  0    Dex: 11    Spells: 0/0 levels left

rFire   . . .      SeeInvis .   a - +0 hand axe
rCold   . . .      Faith    .   (no shield)
rNeg    + . .      Spirit   .   b - +0 leather armour
rPois   inf        Reflect  .   (no helmet)
rElec   +          Harm     .   (no cloak)
rCorr   .          Rampage  .   (no gloves)
Will    .....                   (no boots)
Stlth   +++.......              (no amulet)
HPRegen 0.04/turn               (no ring)
MPRegen 0.07/turn               (no ring)

@: no status effects
A: sickness immunity, AC +2, negative energy resistance 1, electricity
resistance, torment resistance 1, petrification resistance
a: no special abilities


You were on level 4 of the Dungeon.
You visited 1 branch of the dungeon, and saw 2 of its levels.


Innate Abilities, Weirdness & Mutations

You are immune to sickness and miasma.
Your stone body is resilient. (AC +2)
You are immune to poison.
You resist negative energy. (rN+)
You are resistant to electric shocks. (rElec)
You are resistant to unholy torment.
You are immune to petrification.


   Skills:
 - Level 3.2 Fighting
 + Level 2.0 Axes
 - Level 1.5 Dodging
 - Level 5.4 Stealth


You couldn't memorise any spells.
You didn't know any spells.
Your spell library was empty.

Inventory:

Hand Weapons
 a - a +0 hand axe (weapon)
Armour
 b - a +0 leather armour (worn)
Wands
 g - a wand of digging (3)
Potions
 f - a potion of haste

Dungeon Overview and Level Annotations

Branches:
Dungeon (5/15)
 Temple: D:4-7

Altars:


Message History

0 ||| PLANNING D:1-11
Found a stone staircase leading up.
1 ||| DROPPING scroll of fog.
You drop a scroll of fog.
2 ||| DROPPING scroll of magic mapping.
You drop a scroll of magic mapping.
3 ||| DROPPING scroll of fear.
You drop a scroll of fear.
(D) Dungeon
Where to? (* - list waypoints, ? - help)
What level of the Dungeon? (default 1, ? - help)
There is a stone staircase leading up here.
You climb upwards.
There is a stone staircase leading down here.
Existing waypoints: (2) D:5 Assign waypoint to what number? (0-9, D - delete waypoint) Waypoint 1 assigned to D:4.
An orc comes into view. It is wielding a +0 short sword.
The orc shouts!
Enter note: An orc wizard comes into view.
It is wielding a +0 dagger.
22 ||| Stepping ~*~*~tactically~*~*~ (stealth).
An orc and an orc wizard come into view.
24 ||| Stepping ~*~*~tactically~*~*~ (stealth).
You barely miss the orc. The orc closely misses you.
27 ||| Stepping ~*~*~tactically~*~*~ (stealth).
The orc wizard shouts!
You slash the orc!
You kill the orc!
You hear a shout!
Your Axes skill increases to level 2!
The orc wizard shouts!
You hear a shout!
The orc wizard casts a spell at you. The puff of flame hits you!
Ouch! That really hurt!
Things that are here:
a +0 short sword; a +0 leather armour You barely miss the orc wizard.
The orc wizard gestures at you while chanting.
The magic dart hits you.
You die...

#.. ... ## #.#
#.# .. #.# #.# #.
#.# #.####. #.#
#.##.. #.# #.##.#
#### #.###.##.#
.....
#........##......
#.>.....@oo......
##..#.####.######
#..#... ..#
#..##### ...#
#..# .#..# #.#.
.#o#.# .#.#. #.
.#.# # # # #o#.


You could see 2 orc wizards.

Vanquished Creatures
  An orc (D:4)
1 creature vanquished.

Notes
Turn   | Place    | Note
-------+----------+-------------------------------------------
     0 | D:5      | qw the Gargoyle Delver began the quest for the Orb.
     0 | D:5      | Reached XP level 1. HP: 14/14 MP: 1/1
     0 | D:5      | 0 ||| qw: Version: 0.1-a-116-g5d60599
     0 | D:5      | 0 ||| qw: Game counter: 8203
     0 | D:5      | 0 ||| qw: Always use a shield: true
     0 | D:5      | 0 ||| qw: God list: Okawaru
     0 | D:5      | 0 ||| qw: Allow faded altars: false
     0 | D:5      | 0 ||| qw: Do Orc after D:15 true
     0 | D:5      | 0 ||| qw: Do second Lair branch before Depths: true
     0 | D:5      | 0 ||| qw: Lair rune preference: random
     0 | D:5      | 0 ||| qw: Plans: Normal
     0 | D:5      | 0 ||| PLANNING D:1-11
     1 | D:5      | 1 ||| DROPPING scroll of fog.
     2 | D:5      | 2 ||| DROPPING scroll of magic mapping.
     3 | D:5      | 3 ||| DROPPING scroll of fear.
    21 | D:4      | Noticed an orc wizard
    22 | D:4      | 22 ||| Stepping ~*~*~tactically~*~*~ (stealth).
    23 | D:4      | Noticed an orc wizard
    24 | D:4      | 24 ||| Stepping ~*~*~tactically~*~*~ (stealth).
    27 | D:4      | 27 ||| Stepping ~*~*~tactically~*~*~ (stealth).
    30 | D:4      | Killed from afar by an orc wizard

Levels and vault maps discovered:
D:4:      layout_basic
D:5:      layout_basic, mainiacjoe_overflow_small_starburst,
          minmay_temple_entry_grid, uniq_grinder

Skill      XL: |  1 |
---------------+----+-----
Axes           | 2 |  2.0
Fighting       | |  3.2
Dodging        | |  1.5
Stealth        | |  5.4

Action                   || total
-------------------------++-------
Melee: Hand axe          ||     3
Dodge: Dodged            ||     1

Table legend:
 A = Non-vault XP
 B = Vault XP
 C = Vault XP percentage of total XP
 D = Non-vault monster count
 E = Vault monster count
 F = Vault count percentage of total count
                 A         B        C        D         E       F
            +---------+---------+-------+---------+---------+-------
      Total |       3 |       0 |   0.0 |       1 |       0 |   0.0
            +---------+---------+-------+---------+---------+-------
        D:4 |       3 |       0 |   0.0 |       1 |       0 |   0.0
            +---------+---------+-------+---------+---------+-------
